 Dungeon Crawl Stone Soup version 0.26-a0-612-gd4d190f (webtiles) character file.

Game seed: 12088525960707861103

7627 Hazorath the Grappler (level 11, 0/73 HPs)
             Began as a Kobold Fighter on Sept 8, 2020.
             Was a High Priest of Okawaru.
             Splashed by an oklob plant's acid (17 damage)
             ... on level 11 of the Dungeon.
             The game lasted 00:30:01 (15842 turns).

Hazorath the Grappler (Kobold Fighter)             Turns: 15842, Time: 00:30:01

Health: 0/73       AC:  4    Str: 17    XL:     11   Next: 40%
Magic:  13/13      EV:  8    Int: 10    God:    Okawaru [*****.]
Gold:   974        SH:  0    Dex: 14    Spells: 10/10 levels left

rFire    . . .     SeeInvis .     - Unarmed
rCold    + . .     Faith    .   (shield restricted)
rNeg     . . .     Spirit   .   n - +0 chain mail
rPois    .         Reflect  .   (no helmet)
rElec    +         Harm     .   I - scarf {shadows}
rCorr    .                      o - +0 pair of gloves
MR       +....                  k - +1 pair of boots
Stlth    ..........             (no amulet)
HPRegen  0.22/turn              j - ring of protection from cold
MPRegen  0.13/turn              t - ring "Watieps" {rElec MR+}

@: corroded, very slightly contaminated, invisible
A: small, nightstalker 3
a: Heroism, Finesse, Renounce Religion


You were on level 11 of the Dungeon.
You worshipped Okawaru.
Okawaru was extremely pleased with you.
You visited 1 branch of the dungeon, and saw 11 of its levels.

You collected 974 gold pieces.

Inventory:

Missiles
 b - 124 sling bullets
 e - 41 poisoned darts (quivered)
 p - 10 atropa-tipped darts
 z - 61 bolts
 H - a throwing net
Armour
 a - the +1 robe of Charity {rPois rC++ MR+++ Stlth-}
   (You found it on level 6 of the Dungeon)

   It greatly protects you from cold.
   It protects you from poison.
   It affects your resistance to hostile enchantments.
   It makes you less stealthy.
 k - a +1 pair of boots (worn)
 n - a +0 chain mail (worn)
 o - a +0 pair of gloves (worn)
 I - a scarf of shadows (worn)
Jewellery
 j - a ring of protection from cold (left hand)
 t - the ring "Watieps" (right hand) {rElec MR+}
   (You took it off an orc on level 5 of the Dungeon)

   [ring of protection from magic]

   It insulates you from electricity.
   It affects your resistance to hostile enchantments.
 w - a +6 ring of dexterity
 x - an uncursed ring of flight
Wands
 r - a wand of disintegration (19)
 s - a wand of enslavement (5)
 v - a wand of iceblast (10)
 y - a wand of acid (4)
 B - a wand of random effects (19)
 G - a wand of flame (17)
Scrolls
 h - a scroll of remove curse
 i - 2 scrolls of fog
 l - 2 scrolls of magic mapping
 q - 3 scrolls of teleportation
 u - a scroll of identify
 A - a scroll of enchant armour
 J - a scroll of fear {unknown}
Potions
 c - a potion of mutation
 d - 2 potions of invisibility
 f - 5 potions of lignification
 g - 2 potions of brilliance
 m - a potion of berserk rage
 C - 2 potions of heal wounds
 D - 2 potions of might
 E - a potion of curing
 F - a potion of flight


   Skills:
 + Level 10.9 Fighting
 - Level 2.4 Armour
   Level 2.4 Shields
 * Level 13.3 Unarmed Combat
 + Level 3.2 Invocations


You had 10 spell levels left.
You didn't know any spells.
Your spell library contained the following spells:

 Spells                   Type           Power        Failure   Level
 Bolt of Magma            Conj/Fire/Erth #.........   100%        5
 Iskenderun's Battlesphe  Conj           #.......     100%        5
 Iron Shot                Conj/Erth      #.........   100%        6
 Orb of Destruction       Conj           #.........   100%        7
 Spellforged Servitor     Conj/Summ      #.........   100%        7


Dungeon Overview and Level Annotations

Branches:
Dungeon (11/15)            Temple (0/1) D:6            Lair (0/6) D:11
    Orc (0/2) D:10

Altars:
Dithmenos
Gozag
Nemelex Xobeh
Okawaru
Qazlal
Sif Muna

Annotations:
D:5 2 transporters
D:9 exclusion: downstairs
D:11 exclusion: 2 oklob plants


Innate Abilities, Weirdness & Mutations

You are small and have problems with some larger weapons.
You are completely attuned to the shadows.


Message History

You punch the oklob plant, but do no damage.
The oklob plant is lightly damaged.
The wyvern zombie bites you but does no damage.
You hit the oklob plant but do no damage.
The oklob plant is lightly damaged.
The wyvern zombie bites you.
You catch the helpless oklob plant completely off-guard!
You punch the oklob plant! You punch the oklob plant.
The oklob plant is moderately damaged.
The oklob plant spits acid at you. The splash of acid hits you.
The acid corrodes you!
You are splashed with acid!
The wyvern zombie bites you!
You hit the oklob plant but do no damage.
The oklob plant is moderately damaged.
The wyvern zombie bites you but does no damage.
The oklob plant spits acid at you. The splash of acid hits you!
* * * LOW HITPOINT WARNING * * *
You are splashed with acid!
You die...

##.....##........#
##.......#####.)###
#.........###.^.######
+.........'....#...≈..
#.........###†...#...#
##..<....## #...##P..#
##.....## #.#....P.P
##...## #.#≈.PP>P.
#####'### #.#.@Z...
#.......# #...##..P
#.###.#.# ##....#...
#.###.#.# #...#...≈.
#.##....####....#####
#................#
#.#.#.#.#.#.######
............#
#.#.#.#.#.#.#


You could see an oklob plant and a wyvern zombie.

Vanquished Creatures
  A two-headed ogre (D:8)
  2 centaur zombies (D:10)
  Psyche (D:9)
  9 yaks
  Grum (D:9)
  Duvessa (D:5)
  2 acid dragons (D:11)
  A water moccasin (D:10)
  3 ice beasts
  4 ogres
  A black bear (D:8)
  2 sky beasts
  An eye of draining (D:11)
  A necrophage (D:9)
  2 centaurs
  3 phantoms
  2 wolves (D:9)
  3 bullfrogs
  Dowan (D:5)
  8 scorpions
  6 killer bees
  4 howler monkeys
  5 orc priests
  5 hounds
  11 orc wizards
  3 bullfrog skeletons
  4 centaur skeletons
  4 jellies
  Natasha (thrice) (D:2)
  2 iguanas
  14 worker ants
  A hound zombie (D:7)
  A hound skeleton (D:7)
  11 adders
  4 gnolls (D:3)
  4 white imps
  An ufetubus (D:5)
  2 oozes
  An adder skeleton (D:10)
  A worm (D:3)
  3 dart slugs
  10 leopard geckos
  38 orcs
  8 giant cockroaches
  7 hobgoblins
  10 jackals
  8 quokkas
  3 ball pythons
  7 frilled lizards
  6 goblins
  13 kobolds
  A quokka skeleton (D:7)
  5 rats
255 creatures vanquished.

Vanquished Creatures (others)
  An orc wizard (D:11)
  10 plants
11 creatures vanquished.

Grand Total: 266 creatures vanquished

Notes
Turn   | Place    | Note
-------+----------+-------------------------------------------
     0 | D:1      | Hazorath the Kobold Fighter began the quest for the Orb.
     0 | D:1      | Reached XP level 1. HP: 14/14 MP: 1/1
    97 | D:1      | Reached XP level 2. HP: 19/19 MP: 2/2
  1209 | D:2      | Reached XP level 3. HP: 23/24 MP: 3/3
  1218 | D:2      | Reached skill level 3 in Unarmed Combat
  1420 | D:2      | Reached XP level 4. HP: 17/29 MP: 4/4
  1662 | D:2      | Found a stormy altar of Qazlal.
  1665 | D:2      | Noticed Natasha
  1685 | D:2      | Killed Natasha
  1941 | D:2      | Reached skill level 4 in Unarmed Combat
  1941 | D:2      | Reached XP level 5. HP: 30/33 MP: 5/5
  2043 | D:2      | Noticed Natasha
  2048 | D:2      | Killed Natasha
  2321 | D:2      | Noticed Natasha
  2329 | D:2      | Killed Natasha
  2592 | D:3      | Reached XP level 6. HP: 34/39 MP: 6/6
  2734 | D:3      | Reached skill level 5 in Unarmed Combat
  3538 | D:3      | Reached skill level 5 in Fighting
  4248 | D:4      | Noticed an ogre
  4262 | D:3      | Reached XP level 7. HP: 29/44 MP: 7/7
  4272 | D:3      | Reached skill level 6 in Unarmed Combat
  5271 | D:4      | Found an iron altar of Okawaru.
  5278 | D:4      | Became a worshipper of Warmaster Okawaru
  5318 | D:4      | Reached skill level 7 in Unarmed Combat
  5318 | D:4      | Reached XP level 8. HP: 37/51 MP: 8/8
  6428 | D:5      | Entered Level 5 of the Dungeon
  6602 | D:5      | Noticed Duvessa
  6602 | D:5      | Noticed Dowan
  6879 | D:5      | Reached skill level 8 in Unarmed Combat
  6880 | D:5      | Identified the ring "Watieps" {rElec MR+}
  7247 | D:5      | Killed Duvessa
  7261 | D:5      | Killed Dowan
  7261 | D:5      | Reached * piety under Okawaru
  7423 | D:5      | Found a transporter.
  7431 | D:5      | Found a transporter.
  7451 | D:5      | Found a shimmering blue altar of Sif Muna.
  7459 | D:5      | Found a shadowy altar of Dithmenos.
  7461 | D:5      | Noticed a troll
  7565 | D:5      | Reached skill level 1 in Invocations
  7565 | D:5      | Reached XP level 9. HP: 30/57 MP: 9/9
  7888 | D:6      | Got a creamy pearl robe
  7899 | D:6      | Identified the +1 robe of Charity {rPois rC++ MR+++ Stlth-}
                  | (You found it on level 6 of the Dungeon)
  7952 | D:6      | Found a staircase to the Ecumenical Temple.
  7962 | D:6      | Reached skill level 9 in Unarmed Combat
  8791 | D:6      | Reached skill level 10 in Unarmed Combat
  9413 | D:7      | Found an opulent altar of Gozag.
  9643 | D:7      | Reached ** piety under Okawaru
  9990 | D:7      | Found a sparkling altar of Nemelex Xobeh.
 10370 | D:8      | Noticed a two-headed ogre
 10380 | D:8      | Killed a two-headed ogre
 10380 | D:8      | Reached *** piety under Okawaru
 10380 | D:8      | Reached skill level 11 in Unarmed Combat
 10380 | D:8      | Reached XP level 10. HP: 31/66 MP: 8/11
 12081 | D:9      | Noticed Psyche
 12087 | D:9      | Killed Psyche
 12087 | D:9      | Reached skill level 12 in Unarmed Combat
 12404 | D:9      | Noticed Grum
 12407 | D:9      | Reached skill level 10 in Fighting
 12423 | D:9      | Killed Grum
 12423 | D:9      | Reached **** piety under Okawaru
 12881 | D:10     | Entered Level 10 of the Dungeon
 13151 | D:10     | Found a staircase to the Orcish Mines.
 13260 | D:10     | Reached XP level 11. HP: 68/72 MP: 12/12
 13953 | D:10     | Reached skill level 13 in Unarmed Combat
 14525 | D:11     | Reached ***** piety under Okawaru
 15012 | D:11     | Found a staircase to the Lair.
 15014 | D:11     | Noticed an oklob plant
 15045 | D:11     | Noticed an oklob plant
 15842 | D:11     | Splashed by an oklob plant's acid

Illustrated notes

Levels and vault maps discovered:
D:1:      psy_arrival_fountain, layout_loops_ring, kennysheep_boxes
D:2:      layout_loops_cross, lemuel_doored_altar, kennysheep_generic_room_13,
          uniq_natasha
D:3:      corexii_shack_village, layout_loops_ring
D:4:      layout_cave_pools, okawaru_trees_1, hangedman_decor_clover_reticule
D:5:      layout_basic, gammafunk_temple_overflow_arena, uniq_duvessa
D:6:      layout_loops_ring, minmay_temple_entry_statues
D:7:      minmay_polygon_palace, layout_basic,
          nemelex_xobeh_ov_fountains_minmay, old_standard_altar
D:8:      layout_basic
D:9:      layout_basic, uniq_grum, uniq_psyche
D:10:     layout_small_grid, orc_0_dummy
D:11:     kennysheep_big_flooded_room, layout_loops_corners, dpeg_oklobed_lair,
          st_stairs_11, minmay_pinched_square

Skill      XL: |  1  2  3  4  5  6  7  8  9 10 11 |
---------------+----------------------------------+-----
Unarmed Combat | 3 4 5 7 8 11 12 13 | 13.3
Fighting       | 4 5 6 7 9 10 | 10.9
Invocations    | 1 3 |  3.2
Armour         | |  2.4
Shields        | |  2.4

Action                   |  1- 3 |  4- 6 |  7- 9 | 10-12 || total
-------------------------+-------+-------+-------+-------++-------
Melee: Unarmed           |    96 |   261 |   446 |   346 ||  1149
       Punch             |     1 |     6 |    16 |    17 ||    40
Throw: Dart              |       |    13 |    31 |    18 ||    62
Invok: Heroism           |       |       |     1 |     6 ||     7
  Use: Scroll            |     2 |     5 |    10 |     2 ||    19
       Potion            |       |       |     2 |     2 ||     4
 Stab: Invisible         |       |       |       |     2 ||     2
Armor: Scale mail        |    23 |    81 |    65 |       ||   169
       Chain mail        |       |       |    61 |   157 ||   218
Dodge: Dodged            |    40 |   130 |   190 |    95 ||   455

Table legend: (Time is in decaauts)
 A = Elapsed time spent in this place.
 B = Non-inter-level travel time spent in this place.
 C = Inter-level travel time spent in this place.
 D = Time resting spent in this place.
 E = Time spent auto-exploring this place.
 F = Levels seen in this place.
 G = Mean time per level.
                   A        B        C        D        E       F      G
               +--------+--------+--------+--------+--------+-----+--------+
         Total |  15712 |  15240 |    472 |   6417 |   6810 |  11 | 1428.4 |
       Dungeon |  15712 |  15240 |    472 |   6417 |   6810 |  11 | 1428.4 |
               +--------+--------+--------+--------+--------+-----+--------+

Top non-repeatable levels by time:
     D:3: 2120 daAuts
     D:4: 1924 daAuts
     D:2: 1693 daAuts
     D:9: 1503 daAuts
     D:8: 1472 daAuts
     D:7: 1402 daAuts
    D:10: 1389 daAuts
     D:5: 1168 daAuts
    D:11: 1089 daAuts
     D:6: 1053 daAuts
     D:1: 894 daAuts
